 Dungeon Crawl Stone Soup version bcrawl-1.28.5 (webtiles) character file.

Game seed: 4185684415754557372

92348 Anonimiaus the Sneak (level 3, 0/31 HPs)
             Began as a Naga Archaeologist on Jan 25, 2021.
             Slain by a hobgoblin
             ... wielding a +0 mace
              (2 damage)
             ... on level 2 of the Dungeon.
             The game lasted 00:02:46 (1410 turns).

Anonimiaus the Sneak (Naga Archaeologist)           Turns: 1410, Time: 00:02:47

Health: 0/31       AC:  4    Str: 14    XL:     3   Next: 20%
Magic:  3/3        EV: 10    Int: 14    God:
Gold:   122        SH:  0    Dex:  9    Spells: 2/2 levels left

rFire    + . .     SeeInvis +   a - +0 whip
rCold    + . .     Gourm    .   (no shield)
rNeg     . . .     Faith    .   c - +1 robe
rPois    +         Spirit   .   d - +1 hat
rElec    +         Reflect  .   (no cloak)
rCorr    +         Harm     .   (no gloves)
MR       .....                  (no barding)
Stlth    +++.......             (no amulet)
HPRegen  0.10/turn              (no ring)
MPRegen  0.08/turn              (no ring)

@: short of breath, resistant, very slow
A: large, see invisible, deformed body, poison resistance, slowness 2, slow
metabolism 1, spit poison 1, AC +1
a: Spit Poison


You were on level 2 of the Dungeon.
You were hungry.

You visited 1 branch of the dungeon, and saw 2 of its levels.

You collected 122 gold pieces.

Inventory:

Hand Weapons
 a - a +0 whip (weapon)
 b - a +0 blowgun
Missiles
 f - 6 curare-tipped needles
 n - 694 stones (quivered)
Armour
 c - a +1 robe (worn)
 d - a +1 hat (worn)
 i - a +1 robe
Scrolls
 g - a scroll of magic mapping
 j - 4 scrolls of identify
 l - a scroll of enchant weapon {unknown}
 m - a scroll of blinking {unknown}
 q - a scroll of noise {unknown}
Potions
 k - a potion of heal wounds {unknown}
 o - a potion of curing {unknown}
 p - a potion of resistance
 s - a potion of haste {unknown}
Miscellaneous
 h - a dusty tome
Comestibles
 e - 4 rations {!d}


   Skills:
 + Level 1.4 Fighting
 - Level 1.0 Maces & Flails
 - Level 2.4 Dodging
 + Level 6.5 Stealth


You had 2 spell levels left.
You didn't know any spells.
Your spell library was empty.

Dungeon Overview and Level Annotations

Branches:
Dungeon (2/12)

Altars:


Innate Abilities, Weirdness & Mutations

You cannot wear boots.
Your serpentine skin is tough. (AC +1)
You have supernaturally acute eyesight. (SInv)
Armour fits poorly on your strangely shaped body.
Your system is resistant to poisons. (rPois)
You cover ground very slowly.
You have a slow metabolism.
You can spit poison.


Message History

The orc hits you with a cursed -3 short sword.
You have got your breath back.
The hobgoblin hits you with a +0 mace.
* * * LOW HITPOINT WARNING * * *
The orc barely misses you.
A hobgoblin opens the large door.
Press: ? - help, Shift-Dir - straight line, f - hobgoblin, p - orc
Aim: a hobgoblin, wielding a +0 mace and wearing an uncursed ring of positive energy The splash of poison hits the orc but does no damage.
The orc is lightly wounded.
You feel slightly more hungry.
The orc hits you with a cursed -3 short sword.
* * * LOW HITPOINT WARNING * * *
Okay, then.
It was a potion of resistance.
You feel protected.
The orc hits you with a cursed -3 short sword.
* * * LOW HITPOINT WARNING * * *
The hobgoblin hits you with a +0 mace.
You die...

#.........#..##.#
##........##....#
...........#....#
.......#...#....#
.......#...##+#.#
.......#...##...#
......'...+....# ...
#+####'og.###..#....
#..@.........## ##
###.............+ +. ..
#..............## ##
...#+#..............# ##.
..........#'#.......# #..
..........#.#.......# #..
..........#.#.....#>#####..
..........#.#.....###....#+
..........#.#.....# #......


You could see an orc and a hobgoblin.

Vanquished Creatures
  A worm (D:2)
  A dart slug (D:2)
  A ball python (D:2)
  2 bats (D:1)
  5 goblins (D:1)
  2 hobgoblins (D:2)
  4 jackals (D:2)
  2 kobolds (D:2)
  A frilled lizard (D:1)
  3 rats
22 creatures vanquished.

Notes
Turn   | Place    | Note
-------+----------+-------------------------------------------
     0 | D:1      | Anonimiaus the Naga Archaeologist began the quest for the
                  | Orb.
     0 | D:1      | Reached XP level 1. HP: 18/18 MP: 1/1
    46 | D:1      | Reached skill level 5 in Stealth
   204 | D:1      | Reached XP level 2. HP: 16/25 MP: 2/2
   956 | D:2      | Reached skill level 6 in Stealth
  1306 | D:2      | Reached XP level 3. HP: 25/31 MP: 3/3
  1410 | D:2      | Slain by a hobgoblin

Skill      XL: |  1  2 |
---------------+-------+-----
Stealth        | 5 6 |  6.5
Fighting       | |  1.4
Maces & Flails | |  1.0
Dodging        | |  2.4

Action                   || total
-------------------------++-------
Melee: Whip              ||    85
 Abil: Spit Poison       ||     4
  Use: Potion            ||     1
 Stab: Sleeping          ||     7
  Eat: Chunk             ||     2
Armor: Robe              ||    27
Dodge: Dodged            ||    51
